| TOP OF THE 1ST |
|
Kansas City Royals batting - Pitching for Baltimore Orioles : RHP Josh Wollaston
|
|
Pitching: RHP Josh Wollaston
|
|
|
Batting: SHB Jose Pacheco
|
0-0: Called Strike 0-1: Ball 1-1: SINGLE (Groundball, 34D, EV 106.9 MPH)
|
|
Batting: LHB Pete Hansel
|
0-0: Swinging Strike 0-1: Foul Ball, location: 2F 0-2: Ball 1-2: SINGLE (Groundball, 4M, EV 95.6 MPH) Jose Pacheco to second Runner from 2nd tries for 3rd, SAFE, throw by CF made to third
|
|
Batting: LHB Mike Meyerhoff
|
0-0: Called Strike Pete Hansel steals 2nd base 0-1: Ball 1-1: SINGLE (Groundball, 56D, EV 108.8 MPH) Jose Pacheco scores Pete Hansel to third
|
|
Batting: RHB Mike Jaquez
|
0-0: SINGLE (Line Drive, 8RS, EV 103.8 MPH) Pete Hansel scores Mike Meyerhoff to second
|
|
Batting: LHB Roman Downey
|
0-0: Foul Ball, location: 2F 0-1: Ball 1-1: Swinging Strike 1-2: Foul Ball, location: 2F 1-2: Foul Ball, location: 2F 1-2: Ball 2-2: Fly out, F9 (Flyball, BS6, EV 101.9 MPH) Runner from 2nd tags up, SAFE at 3rd, no throw by RF
|
|
Batting: SHB Gil Switzer
|
0-0: Foul Ball, location: 2F 0-1: Fly out, F5 (Popup, 5SF, EV 75.6 MPH)
|
|
Batting: LHB Manny Estrada
|
Balk! Mike Meyerhoff scores Mike Jaquez to second 0-0: Ground out 4-3 (Groundball, 4S, EV 87.5 MPH)
|
| Top of the 1st over - 3 runs, 4 hits, 0 errors, 1 left on base; Kansas City 3 - Baltimore 0 |
| BOTTOM OF THE 1ST |
|
Baltimore Orioles batting - Pitching for Kansas City Royals : RHP Elijah Lewis
|
|
Pitching: RHP Elijah Lewis
|
|
|
Batting: RHB Saimei Kudo
|
0-0: Foul Ball, location: 2F 0-1: Ball 1-1: Ball 2-1: Called Strike 2-2: Ball 3-2: Foul Ball, location: 2F 3-2: Reached on error, E6 (Groundball, 6, EV 107.5 MPH)
|
|
Batting: LHB Brad Pepin
|
0-0: Called Strike 0-1: Ball 1-1: Swinging Strike 1-2: Ball 2-2: Foul Ball, location: 2F 2-2: Ball 3-2: Strikes out swinging
|
|
Batting: RHB Rudo Garciaparra
|
0-0: Ball 1-0: Called Strike 1-1: Swinging Strike 1-2: Ball 2-2: Foul Ball, location: 2F 2-2: Strikes out swinging
|
|
Batting: SHB Jason Hayes
|
0-0: Called Strike 0-1: Ball 1-1: Ball 2-1: Foul Ball, location: 2F 2-2: Strikes out swinging
|
| Bottom of the 1st over - 0 runs, 0 hits, 1 error, 1 left on base; Kansas City 3 - Baltimore 0 |
| TOP OF THE 2ND |
|
Kansas City Royals batting - Pitching for Baltimore Orioles : RHP Josh Wollaston
|
|
Batting: RHB Imbart Faber
|
0-0: Ground out 5-3 (Groundball, 56, EV 84.4 MPH)
|
|
Batting: RHB Mikolas Markus
|
0-0: Ball 1-0: Ball 2-0: Called Strike 2-1: SINGLE (Groundball, 56D, EV 95.0 MPH)
|
|
Batting: SHB Jose Pacheco
|
0-0: Ball Wild Pitch! Mikolas Markus to second 1-0: Fly out, F9 (Line Drive, 9LM, EV 86.9 MPH)
|
|
Batting: LHB Pete Hansel
|
0-0: Called Strike 0-1: Foul Ball, location: 2F 0-2: Ball 1-2: Fly out, F9 (Line Drive, 9S, EV 96.9 MPH)
|
| Top of the 2nd over - 0 runs, 1 hit, 0 errors, 1 left on base; Kansas City 3 - Baltimore 0 |
| BOTTOM OF THE 2ND |
|
Baltimore Orioles batting - Pitching for Kansas City Royals : RHP Elijah Lewis
|
|
Batting: SHB Robert Handy
|
0-0: Called Strike 0-1: Ball 1-1: Ball 2-1: Ball 3-1: Foul Ball, location: 2F 3-2: Base on Balls
|
|
Batting: RHB Alex Rodriguez Jr.
|
0-0: Ball 1-0: Ball 2-0: Foul Ball, location: 2F 2-1: Called Strike 2-2: Ball 3-2: TRIPLE (Flyball, 8LXD, EV 104.4 MPH) Robert Handy scores
|
|
Batting: RHB Marc Peckermark
|
0-0: Foul Ball, location: 2F 0-1: Swinging Strike 0-2: Ball 1-2: Strikes out swinging
|
|
Batting: RHB Tenshou Takita
|
0-0: Ball 1-0: Foul Ball, location: 2F 1-1: Swinging Strike 1-2: Strikes out looking
|
|
Batting: RHB Muneer Maudad
|
0-0: Swinging Strike 0-1: Ball 1-1: Swinging Strike 1-2: Strikes out swinging
|
| Bottom of the 2nd over - 1 run, 1 hit, 0 errors, 1 left on base; Kansas City 3 - Baltimore 1 |
| TOP OF THE 3RD |
|
Kansas City Royals batting - Pitching for Baltimore Orioles : RHP Josh Wollaston
|
|
Batting: LHB Mike Meyerhoff
|
0-0: Swinging Strike 0-1: Foul Ball, location: 2F 0-2: Foul Ball, location: 2F 0-2: Ball 1-2: Ball 2-2: Foul Ball, location: 2F 2-2: Fly out, F7 (Flyball, 7LS, EV 85.6 MPH)
|
|
Batting: RHB Mike Jaquez
|
0-0: Ball 1-0: Ball 2-0: Ball 3-0: Called Strike 3-1: Foul Ball, location: 2F 3-2: Base on Balls
|
|
Batting: LHB Roman Downey
|
0-0: SINGLE (Flyball, 8LS, EV 91.2 MPH) Mike Jaquez to second Runner from 2nd tries for 3rd, SAFE, throw by CF made to third
|
|
Batting: SHB Gil Switzer
|
0-0: Called Strike 0-1: Ball 1-1: Fielders Choice at 2nd, 3-6 (Groundball, 3S, EV 80.0 MPH) Mike Jaquez scores
|
|
Batting: LHB Manny Estrada
|
0-0: Called Strike 0-1: Ball 1-1: Ball 2-1: Swinging Strike 2-2: Foul Ball, location: 2F 2-2: Strikes out swinging
|
| Top of the 3rd over - 1 run, 1 hit, 0 errors, 1 left on base; Kansas City 4 - Baltimore 1 |
| BOTTOM OF THE 3RD |
|
Baltimore Orioles batting - Pitching for Kansas City Royals : RHP Elijah Lewis
|
|
Batting: RHB Saimei Kudo
|
0-0: Swinging Strike 0-1: Swinging Strike 0-2: Fly out, F8 (Line Drive, 8LM, EV 89.4 MPH)
|
|
Batting: LHB Brad Pepin
|
0-0: Foul Ball, location: 2F 0-1: Foul Ball, location: 2F 0-2: Ball 1-2: Ball 2-2: Strikes out swinging
|
|
Batting: RHB Rudo Garciaparra
|
0-0: Ball 1-0: Swinging Strike 1-1: Swinging Strike 1-2: Ball 2-2: Foul Ball, location: 2F 2-2: Strikes out swinging
|
| Bottom of the 3rd over - 0 runs, 0 hits, 0 errors, 0 left on base; Kansas City 4 - Baltimore 1 |
| TOP OF THE 4TH |
|
Kansas City Royals batting - Pitching for Baltimore Orioles : RHP Josh Wollaston
|
|
Batting: RHB Imbart Faber
|
0-0: Called Strike 0-1: Ball 1-1: Ball 2-1: Called Strike 2-2: Strikes out swinging
|
|
Batting: RHB Mikolas Markus
|
0-0: Foul Ball, location: 2F 0-1: Called Strike 0-2: Hit by Pitch
|
|
Batting: SHB Jose Pacheco
|
0-0: Hit by Pitch Mikolas Markus to second
|
|
Batting: LHB Pete Hansel
|
0-0: Ball 1-0: Ball 2-0: Called Strike 2-1: Foul Ball, location: 2F 2-2: Foul Ball, location: 2F 2-2: DOUBLE (Flyball, 8LXD, EV 106.9 MPH) Mikolas Markus scores Jose Pacheco to third
|
|
Pitching: RHP Andy Rondeau
|
|
|
Batting: LHB Mike Meyerhoff
|
0-0: Called Strike 0-1: SINGLE (Groundball, 6D, EV 108.8 MPH) Jose Pacheco scores Pete Hansel to third Runner from 3rd tries for Home, throw by LF and OUT! 7-2 Mike Meyerhoff to second
|
|
Batting: RHB Mike Jaquez
|
0-0: Swinging Strike 0-1: Called Strike 0-2: Foul Ball, location: 2F 0-2: Ball 1-2: Foul Ball, location: 2F 1-2: Strikes out swinging
|
| Top of the 4th over - 2 runs, 2 hits, 0 errors, 1 left on base; Kansas City 6 - Baltimore 1 |
| BOTTOM OF THE 4TH |
|
Baltimore Orioles batting - Pitching for Kansas City Royals : RHP Elijah Lewis
|
|
Batting: SHB Jason Hayes
|
0-0: Ball 1-0: Ball 2-0: Swinging Strike 2-1: DOUBLE (Flyball, 8RXD, EV 115.0 MPH)
|
|
Batting: SHB Robert Handy
|
0-0: SINGLE (Line Drive, 8RS, EV 93.8 MPH) Jason Hayes to third Runner from 3rd tries for Home, SAFE, throw by CF to home
|
|
Batting: RHB Alex Rodriguez Jr.
|
0-0: Ball 1-0: Fly out, F7 (Flyball, 78D, EV 101.9 MPH)
|
|
Batting: RHB Marc Peckermark
|
0-0: Called Strike 0-1: Ball 1-1: Swinging Strike 1-2: Strikes out swinging
|
|
Batting: RHB Tenshou Takita
|
0-0: Foul Ball, location: 2F 0-1: Ground out 4-3 (Groundball, 4, EV 85.0 MPH)
|
| Bottom of the 4th over - 1 run, 2 hits, 0 errors, 1 left on base; Kansas City 6 - Baltimore 2 |
| TOP OF THE 5TH |
|
Kansas City Royals batting - Pitching for Baltimore Orioles : RHP Andy Rondeau
|
|
Batting: LHB Roman Downey
|
0-0: Swinging Strike 0-1: Swinging Strike 0-2: Ball 1-2: Ball 2-2: Foul Ball, location: 2F 2-2: Foul Ball, location: 2F 2-2: DOUBLE (Groundball, 3L, EV 101.9 MPH)
|
|
Batting: SHB Gil Switzer
|
0-0: Foul Ball, location: 2F 0-1: Foul Ball, location: 2F 0-2: Ball 1-2: Ground out 6-3 (Groundball, 6M, EV 100.0 MPH) Roman Downey to third
|
|
Batting: LHB Manny Estrada
|
0-0: Ball 1-0: Fly out, F9 (Line Drive, 89M, EV 91.2 MPH)
|
|
Batting: RHB Imbart Faber
|
0-0: Called Strike 0-1: Ball 1-1: Foul Ball, location: 2F 1-2: Strikes out swinging
|
| Top of the 5th over - 0 runs, 1 hit, 0 errors, 1 left on base; Kansas City 6 - Baltimore 2 |
| BOTTOM OF THE 5TH |
|
Baltimore Orioles batting - Pitching for Kansas City Royals : RHP Elijah Lewis
|
|
Batting: RHB Muneer Maudad
|
0-0: Called Strike 0-1: Ball 1-1: SINGLE (Groundball, 6S, EV 70.0 MPH) (infield hit)
|
|
Batting: RHB Saimei Kudo
|
0-0: Called Strike 0-1: Ball 1-1: Called Strike 1-2: Strikes out swinging
|
|
Batting: LHB Brad Pepin
|
0-0: Ball 1-0: Ball 2-0: Called Strike 2-1: Foul Ball, location: 2F 2-2: Ball 3-2: Base on Balls Muneer Maudad to second
|
|
Batting: RHB Rudo Garciaparra
|
0-0: Ball 1-0: Ball 2-0: Called Strike 2-1: Grounds into double play, 4-6-3 (Groundball, 4, EV 86.2 MPH)
|
| Bottom of the 5th over - 0 runs, 1 hit, 0 errors, 1 left on base; Kansas City 6 - Baltimore 2 |
| TOP OF THE 6TH |
|
Kansas City Royals batting - Pitching for Baltimore Orioles : RHP Andy Rondeau
|
|
Batting: RHB Mikolas Markus
|
0-0: Swinging Strike 0-1: Swinging Strike 0-2: Strikes out swinging
|
|
Batting: SHB Jose Pacheco
|
0-0: Ball 1-0: Called Strike 1-1: Hit by Pitch
|
|
Batting: LHB Pete Hansel
|
0-0: Called Strike 0-1: Called Strike 0-2: Foul Ball, location: 2F 0-2: Foul Ball, location: 2F 0-2: Ball 1-2: Fielders Choice at 2nd, 6-4 (Groundball, 6, EV 81.9 MPH)
|
|
Batting: LHB Mike Meyerhoff
|
0-0: SINGLE (Groundball, 6D, EV 98.8 MPH) Pete Hansel to second Runner from 2nd tries for 3rd, SAFE, throw by CF made to third
|
|
Pitching: RHP Bobby Marble
|
|
|
Batting: RHB Mike Jaquez
|
0-0: Called Strike 0-1: Foul Ball, location: 2F 0-2: Ball 1-2: Ball 2-2: Foul Ball, location: 2F 2-2: Foul Ball, location: 2F 2-2: Strikes out looking
|
| Top of the 6th over - 0 runs, 1 hit, 0 errors, 2 left on base; Kansas City 6 - Baltimore 2 |
| BOTTOM OF THE 6TH |
|
Baltimore Orioles batting - Pitching for Kansas City Royals : RHP Elijah Lewis
|
|
Batting: SHB Jason Hayes
|
0-0: Ball 1-0: SOLO HOME RUN (Flyball, 8LXD, EV 115.0 MPH), Distance : 426 ft
|
|
Batting: SHB Robert Handy
|
0-0: Swinging Strike 0-1: Ball 1-1: Foul Ball, location: 2F 1-2: Foul Ball, location: 2F 1-2: Fly out, F4 (Line Drive, 34, EV 82.5 MPH)
|
|
Batting: RHB Alex Rodriguez Jr.
|
0-0: Ball 1-0: Called Strike 1-1: SINGLE (Groundball, 56D, EV 101.2 MPH)
|
|
Pitching: RHP Josh Moncada
|
|
|
Batting: RHB Marc Peckermark
|
0-0: Ball 1-0: Ball 2-0: Grounds into double play, 6-4-3 (Groundball, 6, EV 79.4 MPH)
|
| Bottom of the 6th over - 1 run, 2 hits, 0 errors, 0 left on base; Kansas City 6 - Baltimore 3 |
| TOP OF THE 7TH |
|
Kansas City Royals batting - Pitching for Baltimore Orioles : RHP Bobby Marble
|
|
Batting: LHB Roman Downey
|
0-0: Ball 1-0: Foul Ball, location: 2F 1-1: Foul Ball, location: 2F 1-2: Ball 2-2: Ball 3-2: Hit by Pitch
|
|
Batting: SHB Gil Switzer
|
0-0: Ball 1-0: Ball 2-0: Swinging Strike 2-1: Foul Ball, location: 2F 2-2: Grounds into double play, 3-6-1 (Groundball, 3, EV 85.6 MPH)
|
|
Batting: LHB Manny Estrada
|
0-0: SINGLE (Groundball, 3D, EV 100.6 MPH)
|
|
Batting: RHB Imbart Faber
|
0-0: Called Strike 0-1: SINGLE (Groundball, 34, EV 88.1 MPH) (infield hit) Manny Estrada to second
|
|
Batting: RHB Mikolas Markus
|
0-0: Fly out, F9 (Flyball, 9S, EV 88.1 MPH)
|
| Top of the 7th over - 0 runs, 2 hits, 0 errors, 2 left on base; Kansas City 6 - Baltimore 3 |
| BOTTOM OF THE 7TH |
|
Baltimore Orioles batting - Pitching for Kansas City Royals : RHP Josh Moncada
|
|
Batting: RHB Tenshou Takita
|
0-0: Ball 1-0: Ball 2-0: SOLO HOME RUN (Flyball, 7LD, EV 94.4 MPH), Distance : 355 ft
|
|
Batting: RHB Muneer Maudad
|
0-0: Ball 1-0: Ball 2-0: Called Strike 2-1: Called Strike 2-2: Ball 3-2: Hit by Pitch
|
|
Batting: RHB Saimei Kudo
|
0-0: Called Strike 0-1: Foul Ball, location: 2F 0-2: Ball 1-2: Strikes out looking
|
|
Batting: LHB Brad Pepin
|
0-0: Swinging Strike 0-1: Ball 1-1: Swinging Strike 1-2: Ball 2-2: Foul Ball, location: 2F 2-2: Ball 3-2: Strikes out swinging
|
|
Pitching: RHP David Silva
|
|
|
Batting: RHB Rudo Garciaparra
|
0-0: Called Strike 0-1: Ball 1-1: Ball 2-1: Ball 3-1: Ground out 6-3 (Groundball, 6, EV 87.5 MPH)
|
| Bottom of the 7th over - 1 run, 1 hit, 0 errors, 1 left on base; Kansas City 6 - Baltimore 4 |
| TOP OF THE 8TH |
|
Kansas City Royals batting - Pitching for Baltimore Orioles : RHP Bobby Marble
|
|
Pitching: RHP John Piccola
|
|
|
Batting: SHB Jose Pacheco
|
0-0: Ball 1-0: Swinging Strike 1-1: Foul Ball, location: 2F 1-2: Ball 2-2: Strikes out looking
|
|
Batting: LHB Pete Hansel
|
0-0: Ball 1-0: Called Strike 1-1: Called Strike 1-2: Ball 2-2: Fly out, F8 (Flyball, 8RD, EV 90.6 MPH)
|
|
Batting: LHB Mike Meyerhoff
|
0-0: Ball 1-0: Ground out 5-3 (Groundball, 56S, EV 75.6 MPH)
|
| Top of the 8th over - 0 runs, 0 hits, 0 errors, 0 left on base; Kansas City 6 - Baltimore 4 |
| BOTTOM OF THE 8TH |
|
Baltimore Orioles batting - Pitching for Kansas City Royals : RHP David Silva
|
|
Batting: SHB Jason Hayes
|
0-0: Called Strike 0-1: Ground out 6-3 (Groundball, 6M, EV 108.1 MPH)
|
|
Batting: SHB Robert Handy
|
0-0: Ball 1-0: Called Strike 1-1: Ball 2-1: Ground out 2-3 (Groundball, 2L, EV 61.9 MPH)
|
|
Batting: RHB Alex Rodriguez Jr.
|
0-0: Called Strike 0-1: Ball 1-1: Fly out, F8 (Flyball, 8LD, EV 105.6 MPH)
|
| Bottom of the 8th over - 0 runs, 0 hits, 0 errors, 0 left on base; Kansas City 6 - Baltimore 4 |
| TOP OF THE 9TH |
|
Kansas City Royals batting - Pitching for Baltimore Orioles : RHP John Piccola
|
|
Batting: RHB Mike Jaquez
|
0-0: Called Strike 0-1: Fly out, F9 (Line Drive, 89M, EV 104.4 MPH)
|
|
Batting: LHB Roman Downey
|
0-0: Called Strike 0-1: Ball 1-1: Ball 2-1: DOUBLE (Line Drive, 7LM, EV 90.0 MPH)
|
|
Batting: SHB Gil Switzer
|
0-0: SINGLE (Groundball, 4MD, EV 99.4 MPH) Roman Downey to third Runner from 3rd tries for Home, SAFE, throw by CF to home
|
|
Batting: LHB Manny Estrada
|
0-0: Ball 1-0: DOUBLE (Line Drive, 3D, EV 98.8 MPH) Gil Switzer to third
|
|
Batting: RHB Imbart Faber
|
0-0: Ball 1-0: Ball 2-0: Ground out 4-3 (Groundball, 4, EV 105.6 MPH) Gil Switzer scores Manny Estrada to third
|
|
Batting: RHB Mikolas Markus
|
0-0: Ball 1-0: Swinging Strike 1-1: Foul Ball, location: 2F 1-2: Strikes out looking
|
| Top of the 9th over - 2 runs, 3 hits, 0 errors, 1 left on base; Kansas City 8 - Baltimore 4 |
| BOTTOM OF THE 9TH |
|
Baltimore Orioles batting - Pitching for Kansas City Royals : RHP David Silva
|
|
Pitching: LHP John Hall
|
|
|
Batting: RHB Marc Peckermark
|
0-0: Ground out U3 (Groundball, 13, EV 88.1 MPH)
|
|
Batting: RHB Tenshou Takita
|
0-0: Foul Ball, location: 2F 0-1: Swinging Strike 0-2: Foul Ball, location: 2F 0-2: Strikes out looking
|
|
Batting: RHB Muneer Maudad
|
0-0: Called Strike 0-1: Ball 1-1: Foul Ball, location: 2F 1-2: Foul Ball, location: 2F 1-2: Ball 2-2: Foul Ball, location: 2F 2-2: SINGLE (Flyball, 3D, EV 90.6 MPH)
|
|
Batting: RHB Saimei Kudo
|
0-0: Called Strike 0-1: Swinging Strike 0-2: Strikes out swinging
|
| Bottom of the 9th over - 0 runs, 1 hit, 0 errors, 1 left on base; Kansas City 8 - Baltimore 4 |
|